 Dungeon Crawl Stone Soup version 0.27.0-1-g7a089689b8 (webtiles) character file.

Game seed: 934942453061090542

35 hatdisgam the Slasher (level 3, -7/46 HPs)
             Began as a Gnoll Wanderer on Aug 10, 2021.
             Was a Believer of Ru.
             Mangled by Sigmund (8 damage)
             ... on level 2 of the Dungeon.
             The game lasted 00:02:18 (839 turns).

hatdisgam the Slasher (Gnoll Wanderer)               Turns: 839, Time: 00:02:18

Health: -7/46      AC: 21    Str:  9    XL:     3   Next: 33%
Magic:  4/4        EV:  2    Int: 10    God:    Ru [**....]
Gold:   58         SH:  0    Dex: 15    Spells: 3/3 levels left

rFire    + . .     SeeInvis .   a - +0 falchion
rCold    + . .     Faith    .   (no shield)
rNeg     + + +     Spirit   .   (armour currently unavailable)
rPois    +         Reflect  .   (helmet currently unavailable)
rElec    +         Harm     .   (cloak currently unavailable)
rCorr    +         Rampage  .   (gloves currently unavailable)
Will     +....     NoTele   +   (boots currently unavailable)
Stlth    ++........             (no amulet)
HPRegen  0.15/turn              (no ring)
MPRegen  0.09/turn              (no ring)

@: tree-form, resistant
A: stationary, stasis, torment immunity, boosted hp, (fangs 1), hated by all,
strong nose, distributed training, (antennae 1), strong-willed 1
a: Renounce Religion


You were on level 2 of the Dungeon.
You worshipped Ru.
Ru was pleased with you.
You were a tree.
You visited 1 branch of the dungeon, and saw 2 of its levels.

You collected 58 gold pieces.

Inventory:

Hand Weapons
 a - a +0 falchion (weapon)
Missiles
 b - 2 throwing nets (quivered)
Armour
 c - a +0 leather armour (melded)
Scrolls
 f - a scroll of immolation {unknown}
 g - a scroll of silence {unknown}
 i - a scroll of identify {unknown}


   Skills:
 + Level 4.5 Fighting
 + Level 0.7 Short Blades
 + Level 6.5 Long Blades
 + Level 0.7 Axes
 + Level 2.6 Maces & Flails
 + Level 0.7 Polearms
 + Level 0.7 Staves
 + Level 0.7 Slings
 + Level 0.7 Bows
 + Level 0.7 Crossbows
 + Level 2.6 Throwing
 + Level 0.7 Armour
 + Level 2.6 Dodging
 + Level 2.3 Stealth
 + Level 2.6 Shields
 + Level 0.7 Unarmed Combat
 + Level 0.7 Spellcasting
 + Level 0.5 Conjurations
 + Level 0.5 Hexes
   Level 0.2 Summonings
 + Level 0.5 Necromancy
 + Level 0.5 Translocations
 + Level 0.5 Transmutations
 + Level 0.5 Fire Magic
 + Level 0.5 Ice Magic
 + Level 0.5 Air Magic
 + Level 0.5 Earth Magic
 + Level 0.5 Poison Magic
 + Level 0.9 Invocations
 + Level 0.7 Evocations


You had 3 spell levels left.
You didn't know any spells.
Your spell library was empty.

Dungeon Overview and Level Annotations

Branches:
Dungeon (2/15)

Altars:
Ru

Annotations:
D:2 Sigmund


Innate Abilities, Weirdness & Mutations

You are a tree.
Your roots penetrate the ground, keeping you stationary.
You cannot be teleported.
You are immune to unholy pain and torment.
Your maximum health is greatly increased.
Your equipment is partially melded.
((You have very sharp teeth.))
You are hated by all.
Your uncanny sense of smell can sniff out nearby items.
Your experience applies equally to all skills.
((You have a pair of small antennae on your head.))
You are strong-willed. (Will+)


Message History

You focus your inner power and illuminate something in retribution!
There is an escape hatch in the ceiling, spattered with blood here.
You see here a +0 club.
You barely miss Sigmund. You bite Sigmund, but do no damage.
Sigmund barely misses you.
Really quaff the potion of lignification? [Y]es or [N]o only, please.
Really quaff the potion of lignification? [Y]es or [N]o only, please.
Really quaff the potion of lignification?
You turn into a tree.
Your +0 leather armour melds into your body.
Your roots penetrate the ground.
Sigmund screams, "Only death can liberate you!"
Sigmund hits you but does no damage.
You barely miss Sigmund.
A giant cockroach comes into view.
Sigmund hits you but does no damage.
You hit Sigmund but do no damage.
Sigmund hits you with a +0 vorpal scythe.
* * * LOW HITPOINT WARNING * * *
x2 You closely miss Sigmund.
Sigmund hits you with a +0 vorpal scythe.
* * * LOW HITPOINT WARNING * * *
x2 You hit Sigmund but do no damage.
Sigmund points at you and mumbles some strange words.
The magic dart hits you but does no damage.
It was a potion of resistance.
You feel protected.
The giant cockroach waves its antennae.
Sigmund hits you with a +0 vorpal scythe.
* * * LOW HITPOINT WARNING * * *
x2 You focus your inner power and illuminate Sigmund in retribution!
It was a potion of mutation.
You feel extremely strange.
You feel strong-willed. A pair of antennae grows on your head!
Sigmund hits you but does no damage.
You hit Sigmund.
Sigmund is lightly wounded.
Sigmund hits you with a +0 vorpal scythe!
You die...

#.# ####### #.#
#.###.....# #.#
#.....#.### #.#
#####.#.# #.# #.#.# #.#
.# #.#.#####.# #.####
##### ###.#.....# .....
.##....######.#[##..###
.@..
.......'B@♣...........#
### ...
.##....######....##.#.#
#<# ..#######....
####.....#.#.###.#
....r.$?'....
..............>#.# <.#
.##....
######.....#.###.#
#.........{..
........###.# #.#
...#........ ........+
# #.# ...# .#.#.##
.........# #.# ...#
.........#######.#


You could see Sigmund (invisible, corona) and a giant cockroach.

Vanquished Creatures
  A dart slug (D:1)
  3 endoplasms (D:1)
  3 goblins
  2 hobgoblins (D:1)
  4 jackals (D:1)
  2 quokkas (D:1)
  3 ball pythons (D:1)
  2 bats (D:1)
  2 kobolds (D:1)
  7 rats (D:1)
  A spectral kobold (D:1)
30 creatures vanquished.

Notes
Turn   | Place    | Note
-------+----------+-------------------------------------------
     0 | D:1      | hatdisgam the Gnoll Wanderer began the quest for the Orb.
     0 | D:1      | hatdisgam set off with the following items: a +0 falchion,
                  | 2 throwing nets, a +0 leather armour, a potion of
                  | lignification
     0 | D:1      | Reached XP level 1. HP: 20/20 MP: 1/1
   123 | D:1      | Reached XP level 2. HP: 21/26 MP: 2/2
   235 | D:1      | Found a faded altar of an unknown god.
   252 | D:1      | Became a worshipper of Ru the Awakened
   264 | D:1      | Gained mutation: You are hated by all. [Ru sacrifice]
   264 | D:1      | Reached * piety under Ru
   264 | D:1      | Reached ** piety under Ru
   372 | D:1      | Reached XP level 3. HP: 31/31 MP: 3/3
   693 | D:2      | Noticed Sigmund
   837 | D:2      | HP: 2/46 [Sigmund (3)]
   838 | D:2      | Gained mutation: You are strong-willed. (Will+) [potion of
                  | mutation]
   838 | D:2      | Gained mutation: You have a pair of small antennae on your
                  | head. [potion of mutation]
   839 | D:2      | Mangled by Sigmund

Illustrated notes

Levels and vault maps discovered:
D:1:      amcnicky_arrival_gap_in_the_tavern_cellar, layout_basic,
          dreamdust_ecumenical_altar_drowned_temple
D:2:      layout_basic, uniq_crazy_yiuf_cottage, uniq_sigmund

Action                   || total
-------------------------++-------
Melee: Falchion          ||    73
       Bite              ||     6
Invok: Sacrifice Love    ||     1
  Use: Potion            ||     3
 Stab: Sleeping          ||     8
Armor: Leather armour    ||     9
       Skin              ||     4
Dodge: Dodged            ||    46
       Rpst.: Falchion   ||    13
